Griffins vs Icehogs
Created - May 9, 2024 at 20:50
Goals
|
| Griffins |
1 |
2 |
1 |
4 |
| Icehogs |
3 |
1 |
1 |
5 |
|
Shots
|
| Griffins |
8 |
10 |
4 |
22 |
| Icehogs |
15 |
6 |
9 |
30 |
|
1st period
1. Griffins , Jack Studnicka 7 (Filip Hronek 42, Morgan Barron 8) at 2:20
2. Icehogs , Mike Reilly 9 (Hudson Fasching 61, Dave Bolland 17) at 11:03 (PP)
3. Icehogs , Myles Bell 20 (Julius Honka 22) at 12:28
4. Icehogs , Myles Bell 21 (Michael Rasmussen 23, Jesse Puljujarvi 39) at 17:45
Penalties :
Nils Lundkvist (Gra) for Roughing (Minor) at 10:09, Hudson Fasching (Roc) for Tripping (Minor) at 13:17
2nd period
5. Icehogs , Mike Reilly 10 (Kurtis Gabriel 20) at 6:49
6. Griffins , Sonny Milano 31 (Ryan Pulock 26) at 11:24 (PP)
7. Griffins , Morgan Geekie 21 (Sonny Milano 48, Christoffer Ehn 43) at 18:30
Penalties :
Christoffer Ehn (Gra) for Tripping (Minor) at 0:53, Mikhail Grigorenko (Roc) for Holding (Minor) at 9:45
3rd period
8. Icehogs , J.T. Brown 34 (Myles Bell 21) at 2:23
9. Griffins , Nico Hischier 32 (Martin Frk 61, Robbie Russo 14) at 12:01
Penalties :
Nico Hischier (Gra) for Cross-checking (Minor) at 8:25, Duncan Siemens (Roc) for High sticking (Minor) at 12:52, Ross Johnston (Roc) for High sticking (Minor) at 15:05, Dillon Dube (Roc) for Interference (Minor) at 17:24
Goalie Stats
Marcus Hogberg (Gra), 13 saves from 14 shots - (0.929), L, 35-13-2, 33:11 minutes
Adam Werner (Gra), 12 saves from 16 shots - (0.750), 26:49 minutes
Mackenzie Blackwood (Roc), 18 saves from 22 shots - (0.818), W, 35-23-3, 60:00 minutes
Players Stats for Griffins
Player Name G A P +/- PIM S H SB GA TA FO MP PP MP PK MP
------------------------------------------------------------------------------------
Andrey Pedan 0 0 0 0 0 1 1 0 0 0 0/0 20:56 0:00 3:12
Brendan Leipsic 0 0 0 -1 0 0 0 0 0 0 0/0 8:42 0:14 0:00
Christoffer Ehn 0 1 1 -1 2 0 0 1 1 0 8/12 18:33 5:00 0:38
Cody Glass 0 0 0 0 0 0 0 0 0 0 0/1 11:28 0:32 1:19
Filip Hronek 0 1 1 0 0 1 0 1 0 0 0/0 25:45 4:29 3:12
Ian McCoshen 0 0 0 2 0 2 2 3 0 1 0/0 13:09 0:00 0:00
Jack Studnicka 1 0 1 -1 0 1 0 0 0 0 0/0 8:29 0:03 0:00
Lucas Lessio 0 0 0 1 0 2 2 0 2 0 4/4 22:44 4:21 3:12
Martin Frk 0 1 1 1 0 2 2 1 0 0 1/2 19:32 4:21 0:00
Michael Bunting 0 0 0 0 0 0 0 0 0 0 1/1 10:41 0:00 1:26
Morgan Barron 0 1 1 -1 0 1 2 0 0 0 0/0 8:29 0:04 0:00
Morgan Geekie 1 0 1 -1 0 1 1 0 0 0 0/0 17:11 4:29 0:00
Nico Hischier 1 0 1 1 2 5 0 0 1 0 16/26 19:22 4:16 0:06
Nils Lundkvist 0 0 0 -3 2 1 3 2 0 0 0/0 19:32 5:06 0:00
Riley Armstrong 0 0 0 0 0 3 3 0 0 0 3/5 17:06 4:54 3:03
Robbie Russo 0 1 1 1 0 0 0 0 0 0 0/0 11:13 0:00 1:40
Ryan Pulock 0 1 1 -3 0 0 0 0 0 0 0/0 20:50 5:06 1:40
Sebastian Ahaut 0 0 0 1 0 0 0 0 0 0 0/0 3:53 0:00 0:00
Sonny Milano 1 1 2 -1 0 2 1 0 0 0 0/0 17:30 5:00 0:00
Players Stats for Icehogs
Player Name G A P +/- PIM S H SB GA TA FO MP PP MP PK MP
------------------------------------------------------------------------------------
Andrew Poturalski 0 0 0 -1 0 0 2 0 0 0 1/2 9:21 0:00 0:00
Calle Andersson 0 0 0 -1 0 0 0 0 0 0 0/0 12:07 0:00 0:38
Dave Bolland 0 1 1 -1 0 2 0 2 0 0 10/31 22:02 3:05 4:57
Dillon Dube 0 0 0 3 2 1 2 0 0 0 3/10 17:50 1:47 1:52
Duncan Siemens 0 0 0 1 2 1 1 0 0 0 0/0 19:09 1:37 3:13
Gabriel Fortier 0 0 0 0 0 0 0 0 0 0 0/0 0:00 0:00 0:00
Hudson Fasching 0 1 1 -1 2 1 0 1 0 1 0/0 17:43 3:05 0:00
J.T. Brown 1 0 1 3 0 3 2 0 0 0 0/0 15:59 1:47 0:00
Jackson Cates 0 0 0 0 0 0 0 0 0 0 0/0 0:00 0:00 0:00
Jeremy Davies 0 0 0 -1 0 0 0 1 0 0 0/0 10:57 0:00 0:28
Jesse Puljujarvi 0 1 1 -1 0 0 0 0 0 1 0/1 9:21 0:00 0:00
Julius Honka 0 1 1 1 0 4 0 1 0 0 0/0 20:03 1:37 4:06
Kristian Reichel 0 0 0 0 0 0 0 0 0 0 0/0 2:36 0:00 2:33
Kurtis Gabriel 0 1 1 0 0 3 1 0 0 0 1/1 7:57 0:00 0:00
Maxim Letunov 0 0 0 0 0 0 0 0 0 0 0/2 7:34 0:00 0:13
Michael Rasmussen 0 1 1 -1 0 1 0 0 0 0 1/1 12:20 0:00 2:20
Mike Reilly 2 0 2 1 0 4 4 4 0 1 0/0 28:33 3:15 5:20
Mikhail Grigorenko 0 0 0 -1 2 3 1 2 0 0 2/2 20:53 3:05 3:49
Mitchell Chaffee 0 0 0 0 0 0 0 0 0 0 0/0 0:00 0:00 0:00
Myles Bell 2 1 3 3 0 4 3 0 0 1 0/1 19:22 1:47 3:23
Nikita Scherbak 0 0 0 0 0 0 0 0 0 0 0/0 0:00 0:00 0:00
Patrick Russell 0 0 0 0 0 0 0 0 0 0 0/0 0:00 0:00 0:00
Patrick Sieloff 0 0 0 1 0 3 3 2 1 0 0/0 25:32 3:15 5:25
Ross Johnston 0 0 0 0 2 0 2 0 0 0 0/0 7:23 0:00 0:03
Zach Whitecloud 0 0 0 0 0 0 0 0 0 0 0/0 3:38 0:00 0:00
3 Stars
1 - Myles Bell (Roc)
2 - Mike Reilly (Roc)
3 - J.T. Brown (Roc)
Power Play
Griffins - 1 on 5 Attempt(s) - 20.00%
Icehogs - 1 on 3 Attempt(s) - 33.33%
Penalty Kill
Griffins - 2 on 3 Attempt(s) - 66.67%
- Score 0 goal in Penalty Kill
Icehogs - 4 on 5 Attempt(s) - 80.00%
- Score 0 goal in Penalty Kill
Team Stat
Griffins - Hits : 17 - Faceoff Wins : 33 - Blocked Shots : 8 - Penalty Minutes : 6
Icehogs - Hits : 21 - Faceoff Wins : 18 - Blocked Shots : 13 - Penalty Minutes : 10
Official
Referees : Ian Walsh and Dan O'Rourke
Linesman : Andrew Smith and Ryan Galloway
Game Notes
4:04 of 1st period - Icehogs goal is going for a video replay. After video review, No Goal. The goalkeeper has been pushed into the net together with the puck after making a save.
Marcus Hogberg enters game at 6:49 of 2nd period
Finance
Level 1 -- Attendance: 1716 (85.80%) -- Ticket Income $120,120
Level 2 -- Attendance: 1000 (100.00%) -- Ticket Income $40,000
Total Attendance: 2716 (90.53%)
Total Ticket Income: $160,120
Other Income: $8,006
Total Income: $168,126
Griffins
5 vs 5 Forward
Center Left Wing Right Wing Time % Phy DF OF
1 Nico Hischier Lucas Lessio Martin Frk 40 1 2 2
2 Christoffer Ehn Sonny Milano Morgan Geekie 30 1 2 2
3 Riley Armstrong Michael Bunting Cody Glass 20 1 2 2
4 Brendan Leipsic Morgan Barron Jack Studnicka 10 1 2 2
5 vs 5 Defense
Defense Defense Time % Phy DF OF
1 Filip Hronek Andrey Pedan 40 1 2 2
2 Ryan Pulock Nils Lundkvist 30 1 2 2
3 Robbie Russo Ian McCoshen 20 1 2 2
4 Ian McCoshen Sebastian Ahaut 10 1 2 2
PowerPlay Forward
Center Left Wing Right Wing Time % Phy DF OF
1 Nico Hischier Lucas Lessio Martin Frk 60 1 2 2
2 Christoffer Ehn Sonny Milano Riley Armstrong 40 1 2 2
PowerPlay Defense
Defense Defense Time % Phy DF OF
1 Filip Hronek Morgan Geekie 60 1 2 2
2 Ryan Pulock Nils Lundkvist 40 1 2 2
Penalty Kill 4 Players Forward
Center Wing Time % Phy DF OF
1 Riley Armstrong Lucas Lessio 60 1 2 2
2 Christoffer Ehn Michael Bunting 40 1 2 2
Penalty Kill 4 Players Defense
Defense Defense Time % Phy DF OF
1 Filip Hronek Andrey Pedan 60 1 2 2
2 Ryan Pulock Robbie Russo 40 1 2 2
Penalty Kill - 3 Players Forward
Forward Time % Phy DF OF
1 Christoffer Ehn 60 1 2 2
2 Riley Armstrong 40 1 2 2
Penalty Kill - 3 Players Defense
Defense Defense Time % Phy DF OF
1 Filip Hronek Robbie Russo 60 1 2 2
2 Ryan Pulock Andrey Pedan 40 1 2 2
4 vs 4 Forward
Center Wing Time % Phy DF OF
1 Christoffer Ehn Lucas Lessio 60 1 2 2
2 Nico Hischier Martin Frk 40 1 2 2
4 vs 4 Defense
Defense Defense Time % Phy DF OF
1 Filip Hronek Ian McCoshen 60 1 2 2
2 Ryan Pulock Andrey Pedan 40 1 2 2
Last Minutes Offensive
Center Left Wing Right Wing Defense Defense
Christoffer Ehn Lucas Lessio Martin Frk Filip Hronek Nils Lundkvist
Last Minutes Defensive
Center Left Wing Right Wing Defense Defense
Christoffer Ehn Lucas Lessio Riley Armstrong Filip Hronek Andrey Pedan
Goaltenders
Starting : Adam Werner
Backup : Marcus Hogberg
Extra Forwards
Normal : Morgan Geekie, Nico Hischier, Cody Glass - PP : Cody Glass, Brendan Leipsic - PK : Cody Glass
Extra Defensemen
Normal : Andrey Pedan, Robbie Russo, Ian McCoshen - PP : Sebastian Ahaut - PK : Ian McCoshen, Sebastian Ahaut
Penalty Shots
Sonny Milano, Martin Frk, Lucas Lessio, Riley Armstrong, Morgan Geekie
Custom OT Lines Forwards
Lucas Lessio, Nico Hischier, Cody Glass, Christoffer Ehn, Martin Frk, Riley Armstrong, Morgan Geekie, Morgan Barron, Brendan Leipsic, Jack Studnicka
Custom OT Lines Defensemen
Filip Hronek, Andrey Pedan, Ryan Pulock, Nils Lundkvist, Ian McCoshen
Scratches
Jack Ramsey (Healthy), Jesse Graham (Healthy), Conor Timmins (Healthy), Robby Fabbri (Healthy), Tyler Lewington (Healthy)
Calvin Thurkauf (Healthy), Oskar Steen (Healthy), Nick Swaney (Healthy), Dominik Bokk (Healthy), Philippe Desrosiers (Healthy)
Icehogs
5 vs 5 Forward
Center Left Wing Right Wing Time % Phy DF OF
1 Dave Bolland Mikhail Grigorenko Hudson Fasching 40 1 2 2
2 Dillon Dube Myles Bell J.T. Brown 30 1 2 2
3 Andrew Poturalski Michael Rasmussen Jesse Puljujarvi 20 1 2 2
4 Maxim Letunov Ross Johnston Kurtis Gabriel 10 1 2 2
5 vs 5 Defense
Defense Defense Time % Phy DF OF
1 Mike Reilly Patrick Sieloff 40 1 2 2
2 Julius Honka Duncan Siemens 30 1 2 2
3 Calle Andersson Jeremy Davies 20 1 2 2
4 Zach Whitecloud Mike Reilly 10 1 2 2
PowerPlay Forward
Center Left Wing Right Wing Time % Phy DF OF
1 Dave Bolland Mikhail Grigorenko Hudson Fasching 60 1 2 2
2 Dillon Dube Myles Bell J.T. Brown 40 1 2 2
PowerPlay Defense
Defense Defense Time % Phy DF OF
1 Mike Reilly Patrick Sieloff 60 1 2 2
2 Julius Honka Duncan Siemens 40 1 2 2
Penalty Kill 4 Players Forward
Center Wing Time % Phy DF OF
1 Dave Bolland Mikhail Grigorenko 60 1 2 2
2 Dillon Dube Myles Bell 40 1 2 2
Penalty Kill 4 Players Defense
Defense Defense Time % Phy DF OF
1 Mike Reilly Patrick Sieloff 60 1 2 2
2 Julius Honka Duncan Siemens 40 1 2 2
Penalty Kill - 3 Players Forward
Forward Time % Phy DF OF
1 Dave Bolland 60 1 2 2
2 Dillon Dube 40 1 2 2
Penalty Kill - 3 Players Defense
Defense Defense Time % Phy DF OF
1 Mike Reilly Patrick Sieloff 60 1 2 2
2 Julius Honka Duncan Siemens 40 1 2 2
4 vs 4 Forward
Center Wing Time % Phy DF OF
1 Dave Bolland Mikhail Grigorenko 60 1 2 2
2 Dillon Dube Myles Bell 40 1 2 2
4 vs 4 Defense
Defense Defense Time % Phy DF OF
1 Mike Reilly Patrick Sieloff 60 1 2 2
2 Julius Honka Duncan Siemens 40 1 2 2
Last Minutes Offensive
Center Left Wing Right Wing Defense Defense
Dave Bolland Mikhail Grigorenko Hudson Fasching Mike Reilly Patrick Sieloff
Last Minutes Defensive
Center Left Wing Right Wing Defense Defense
Dave Bolland Mikhail Grigorenko Hudson Fasching Mike Reilly Patrick Sieloff
Goaltenders
Starting : Mackenzie Blackwood
Backup : Oscar Dansk
Extra Forwards
Normal : Mikhail Grigorenko, Kurtis Gabriel, Myles Bell - PP : Mikhail Grigorenko, Kurtis Gabriel - PK : Mikhail Grigorenko
Extra Defensemen
Normal : Calle Andersson, Jeremy Davies, Zach Whitecloud - PP : Calle Andersson - PK : Calle Andersson, Jeremy Davies
Penalty Shots
Dave Bolland, Hudson Fasching, J.T. Brown, Jesse Puljujarvi, Mikhail Grigorenko
Custom OT Lines Forwards
Dave Bolland, Hudson Fasching, J.T. Brown, Jesse Puljujarvi, Mikhail Grigorenko, Kurtis Gabriel, Myles Bell, Dillon Dube, Nikita Scherbak, Andrew Poturalski
Custom OT Lines Defensemen
Mike Reilly, Patrick Sieloff, Julius Honka, Duncan Siemens, Calle Andersson
Scratches
Clark Bishop (Healthy), JJ. Piccinich (Healthy), Declan Chisholm (Healthy), Thomas DiPauli (Healthy), Petr Kvaca (Healthy)
% Time on Ice - Griffins
Lines # - Real PCT - Wanted PCT - Time Play
Normal Forward
1 - 34% - 40% - 15:10
2 - 28% - 30% - 12:41
3 - 20% - 20% - 9:13
4 - 18% - 10% - 8:05
Normal Defense
1 - 39% - 40% - 17:40
2 - 31% - 30% - 14:04
3 - 21% - 20% - 9:32
4 - 9% - 10% - 3:53
PP Forward
1 - 48% - 60% - 4:35
2 - 52% - 40% - 5:00
PP Defense
1 - 47% - 60% - 4:29
2 - 53% - 40% - 5:06
PK Forward
1 - 71% - 60% - 3:26
2 - 29% - 40% - 1:26
PK Defense
1 - 66% - 60% - 3:12
2 - 34% - 40% - 1:40
PK3 Forward
1 - 0% - 60%
2 - 0% - 40%
PK3 Defense
1 - 0% - 60%
2 - 0% - 40%
44 Forward
1 - 0% - 60%
2 - 0% - 40%
44 Defense
1 - 0% - 60%
2 - 0% - 40%
Last Minute Offensive - 0:24
Last Minute Defensive - 0:00
Total
Forward - 60:00
Defense - 60:00
|
% Time on Ice - Icehogs
Lines # - Real PCT - Wanted PCT - Time Play
Normal Forward
1 - 31% - 40% - 14:03
2 - 32% - 30% - 14:12
3 - 21% - 20% - 9:21
4 - 16% - 10% - 7:21
Normal Defense
1 - 36% - 40% - 16:16
2 - 32% - 30% - 14:34
3 - 23% - 20% - 10:29
4 - 8% - 10% - 3:38
PP Forward
1 - 63% - 60% - 3:05
2 - 37% - 40% - 1:47
PP Defense
1 - 67% - 60% - 3:15
2 - 33% - 40% - 1:37
PK Forward
1 - 72% - 60% - 6:55
2 - 28% - 40% - 2:40
PK Defense
1 - 57% - 60% - 5:25
2 - 43% - 40% - 4:10
PK3 Forward
1 - 0% - 60%
2 - 0% - 40%
PK3 Defense
1 - 0% - 60%
2 - 0% - 40%
44 Forward
1 - 0% - 60%
2 - 0% - 40%
44 Defense
1 - 0% - 60%
2 - 0% - 40%
Last Minute Offensive - 0:00
Last Minute Defensive - 0:36
Total
Forward - 60:00
Defense - 60:00
|
Play-by-Play
1st period
0:01 of 1st period - Nico Hischier wins face-off versus Dave Bolland in neutral zone.
0:26 of 1st period - Andrey Pedan is hit by J.T. Brown and loses puck.
0:31 of 1st period - Wrist shot by Dillon Dube.
0:31 of 1st period - Shot Misses the Net.
1:15 of 1st period - Wrist shot by Kurtis Gabriel.
1:15 of 1st period - Shot Blocked by Nils Lundkvist.
1:17 of 1st period - Slapshot by Julius Honka.
1:17 of 1st period - Stopped by Adam Werner with a rebound.
1:31 of 1st period - Slapshot by Lucas Lessio.
1:31 of 1st period - Deflect By Martin Frk.
1:31 of 1st period - Shot Blocked by Hudson Fasching.
1:31 of 1st period - Puck is out of play.
1:32 of 1st period - Martin Frk wins face-off versus Dave Bolland in Icehogs zone.
1:41 of 1st period - Wrist shot by Lucas Lessio.
1:41 of 1st period - Shot Blocked by Mikhail Grigorenko.
1:43 of 1st period - Slapshot by Ian McCoshen.
1:43 of 1st period - Shot Blocked by Mikhail Grigorenko.
1:45 of 1st period - Snap shot by Martin Frk.
1:45 of 1st period - Shot Misses the Net.
2:20 of 1st period - Slapshot by Filip Hronek.
2:20 of 1st period - Deflect By Jack Studnicka.
2:20 of 1st period - Goal by Jack Studnicka - Griffins : 1 - Icehogs : 0.
2:21 of 1st period - Nico Hischier wins face-off versus Dave Bolland in neutral zone.
2:26 of 1st period - Snap shot by Martin Frk.
2:26 of 1st period - Shot Misses the Net.
3:31 of 1st period - Patrick Sieloff is hit by Morgan Barron and loses puck.
3:53 of 1st period - Ian McCoshen is hit by Patrick Sieloff and loses puck.
4:00 of 1st period - Wrist shot by Dave Bolland.
4:00 of 1st period - Stopped by Adam Werner with a rebound.
4:02 of 1st period - Slapshot by Patrick Sieloff.
4:02 of 1st period - Stopped by Adam Werner with a rebound.
4:04 of 1st period - Wrist shot by Mikhail Grigorenko.
4:04 of 1st period - Icehogs goal is going for a video replay.
4:04 of 1st period - The goal is refused. The goalkeeper has been pushed into the net together with the puck after making a save..
4:05 of 1st period - Dillon Dube wins face-off versus Christoffer Ehn in Griffins zone.
4:30 of 1st period - Julius Honka is hit by Nils Lundkvist and loses puck.
4:41 of 1st period - Snap shot by Lucas Lessio.
4:41 of 1st period - Shot Misses the Net.
5:23 of 1st period - Wrist shot by Michael Rasmussen.
5:23 of 1st period - Shot Misses the Net.
5:25 of 1st period - Slapshot by Julius Honka.
5:25 of 1st period - Shot Misses the Net.
5:27 of 1st period - Backhand shot by Julius Honka.
5:27 of 1st period - Stopped by Adam Werner with a rebound.
5:29 of 1st period - Slapshot by Duncan Siemens.
5:29 of 1st period - Deflect By Jesse Puljujarvi.
5:29 of 1st period - Shot Blocked by Ian McCoshen.
5:29 of 1st period - Puck is out of play.
5:30 of 1st period - Dillon Dube wins face-off versus Nico Hischier in Griffins zone.
5:35 of 1st period - Slapshot by J.T. Brown.
5:35 of 1st period - Shot Misses the Net.
5:45 of 1st period - Patrick Sieloff is hit by Martin Frk and loses puck.
6:55 of 1st period - Off-side.
6:56 of 1st period - Michael Bunting wins face-off versus Dillon Dube in neutral zone.
7:11 of 1st period - Snap shot by Riley Armstrong.
7:11 of 1st period - Stopped by Mackenzie Blackwood without a rebound.
7:12 of 1st period - Nico Hischier wins face-off versus Dave Bolland in Icehogs zone.
7:40 of 1st period - Slapshot by Kurtis Gabriel.
7:40 of 1st period - Shot Misses the Net.
7:42 of 1st period - Wrist shot by Ross Johnston.
7:42 of 1st period - Shot Misses the Net.
7:44 of 1st period - Slapshot by Duncan Siemens.
7:44 of 1st period - Stopped by Adam Werner with a rebound.
8:08 of 1st period - Backhand shot by J.T. Brown.
8:08 of 1st period - Stopped by Adam Werner with a rebound.
8:10 of 1st period - Slapshot by Mike Reilly.
8:10 of 1st period - Stopped by Adam Werner with a rebound.
8:30 of 1st period - Slapshot by Riley Armstrong.
8:30 of 1st period - Shot Blocked by Mike Reilly.
8:44 of 1st period - Backhand shot by Morgan Barron.
8:44 of 1st period - Shot Blocked by Dave Bolland.
8:46 of 1st period - Wrist shot by Jack Studnicka.
8:46 of 1st period - Shot Blocked by Dave Bolland.
8:48 of 1st period - Slapshot by Nils Lundkvist.
8:48 of 1st period - Shot Hit the Post.
8:50 of 1st period - Slapshot by Brendan Leipsic.
8:50 of 1st period - Shot Misses the Net.
9:02 of 1st period - Wrist shot by Patrick Sieloff.
9:02 of 1st period - Stopped by Adam Werner without a rebound.
9:03 of 1st period - Christoffer Ehn wins face-off versus Maxim Letunov in Griffins zone.
9:14 of 1st period - Wrist shot by Kurtis Gabriel.
9:14 of 1st period - Stopped by Adam Werner without a rebound.
9:15 of 1st period - Nico Hischier wins face-off versus Dave Bolland in Griffins zone.
9:22 of 1st period - Wrist shot by Nico Hischier.
9:22 of 1st period - Stopped by Mackenzie Blackwood without a rebound.
9:23 of 1st period - Nico Hischier wins face-off versus Dave Bolland in Icehogs zone.
10:04 of 1st period - Slapshot by Hudson Fasching.
10:04 of 1st period - Deflect By Andrey Pedan.
10:04 of 1st period - Stopped by Adam Werner without a rebound.
10:05 of 1st period - Dillon Dube wins face-off versus Christoffer Ehn in Griffins zone.
10:09 of 1st period - Minor Penalty to Nils Lundkvist for Roughing.
10:10 of 1st period - Dave Bolland wins face-off versus Riley Armstrong in Griffins zone.
10:20 of 1st period - Icing by Patrick Sieloff.
10:21 of 1st period - Lucas Lessio wins face-off versus Dave Bolland in Icehogs zone.
10:30 of 1st period - Riley Armstrong is hit by Patrick Sieloff and loses puck.
10:35 of 1st period - Wrist shot by Dave Bolland.
10:35 of 1st period - Stopped by Adam Werner with a rebound.
11:01 of 1st period - Snap shot by Hudson Fasching.
11:01 of 1st period - Shot Misses the Net.
11:03 of 1st period - Slapshot by Mike Reilly.
11:03 of 1st period - Goal by Mike Reilly - Griffins : 1 - Icehogs : 1.
11:04 of 1st period - Christoffer Ehn wins face-off versus Myles Bell in neutral zone.
12:17 of 1st period - Ryan Pulock is hit by Kurtis Gabriel and loses puck.
12:28 of 1st period - Snap shot by Myles Bell.
12:28 of 1st period - Goal by Myles Bell - Griffins : 1 - Icehogs : 2.
12:29 of 1st period - Christoffer Ehn wins face-off versus Dave Bolland in neutral zone.
12:38 of 1st period - Wrist shot by Morgan Geekie.
12:38 of 1st period - Shot Blocked by Mike Reilly.
12:40 of 1st period - Slapshot by Andrey Pedan.
12:40 of 1st period - Stopped by Mackenzie Blackwood without a rebound.
12:41 of 1st period - Christoffer Ehn wins face-off versus Dillon Dube in Icehogs zone.
13:09 of 1st period - Slapshot by Martin Frk.
13:09 of 1st period - Shot Misses the Net.
13:11 of 1st period - Wrist shot by Nico Hischier.
13:11 of 1st period - Shot Blocked by Mike Reilly.
13:13 of 1st period - Wrist shot by Ian McCoshen.
13:13 of 1st period - Stopped by Mackenzie Blackwood without a rebound.
13:14 of 1st period - Dave Bolland wins face-off versus Nico Hischier in Icehogs zone.
13:14 of 1st period - Dave Bolland is hit by Andrey Pedan.
13:17 of 1st period - Minor Penalty to Hudson Fasching for Tripping.
13:18 of 1st period - Dave Bolland wins face-off versus Nico Hischier in Icehogs zone.
14:50 of 1st period - Riley Armstrong is hit by Myles Bell and loses puck.
15:07 of 1st period - Lucas Lessio is hit by Mike Reilly and loses puck.
15:17 of 1st period - Penalty to Hudson Fasching is over, Hudson Fasching is back on ice.
15:27 of 1st period - Calle Andersson is hit by Morgan Barron and loses puck.
16:15 of 1st period - Snap shot by J.T. Brown.
16:15 of 1st period - Shot Misses the Net.
16:21 of 1st period - J.T. Brown is hit by Ian McCoshen and loses puck.
16:38 of 1st period - Slapshot by Hudson Fasching.
16:38 of 1st period - Shot Misses the Net.
17:28 of 1st period - Ryan Pulock is hit by Andrew Poturalski and loses puck.
17:45 of 1st period - Snap shot by Myles Bell.
17:45 of 1st period - Goal by Myles Bell - Griffins : 1 - Icehogs : 3.
17:46 of 1st period - Nico Hischier wins face-off versus Dave Bolland in neutral zone.
17:53 of 1st period - Wrist shot by Martin Frk.
17:53 of 1st period - Stopped by Mackenzie Blackwood with a rebound.
17:55 of 1st period - Wrist shot by Martin Frk.
17:55 of 1st period - Deflect By Lucas Lessio.
17:55 of 1st period - Stopped by Mackenzie Blackwood with a rebound.
18:13 of 1st period - Sonny Milano is hit by Dillon Dube and loses puck.
19:20 of 1st period - Snap shot by Martin Frk.
19:20 of 1st period - Shot Misses the Net.
19:22 of 1st period - Snap shot by Ian McCoshen.
19:22 of 1st period - Deflect By Julius Honka.
19:22 of 1st period - Stopped by Mackenzie Blackwood with a rebound.
19:32 of 1st period - Nils Lundkvist is hit by Duncan Siemens and loses puck.
Goals for this period are 1 for Griffins vs 3 for Icehogs.
Shots for this period are 8 for Griffins vs 15 for Icehogs.
2nd period
0:01 of 2nd period - Nico Hischier wins face-off versus Dave Bolland in neutral zone.
0:10 of 2nd period - Wrist shot by Lucas Lessio.
0:10 of 2nd period - Stopped by Mackenzie Blackwood without a rebound.
0:11 of 2nd period - Dave Bolland wins face-off versus Nico Hischier in Icehogs zone.
0:53 of 2nd period - Minor Penalty to Christoffer Ehn for Tripping.
0:54 of 2nd period - Riley Armstrong wins face-off versus Dave Bolland in Griffins zone.
0:54 of 2nd period - Riley Armstrong is hit by Mike Reilly.
1:46 of 2nd period - Slapshot by Filip Hronek.
1:46 of 2nd period - Stopped by Mackenzie Blackwood without a rebound.
1:47 of 2nd period - Dave Bolland wins face-off versus Cody Glass in Icehogs zone.
2:12 of 2nd period - Myles Bell is hit by Riley Armstrong and loses puck.
2:21 of 2nd period - Riley Armstrong is hit by J.T. Brown and loses puck.
2:53 of 2nd period - Penalty to Christoffer Ehn is over, Christoffer Ehn is back on ice.
2:59 of 2nd period - Off-side.
3:00 of 2nd period - Christoffer Ehn wins face-off versus Jesse Puljujarvi in neutral zone.
3:15 of 2nd period - Jeremy Davies is hit by Ian McCoshen and loses puck.
6:49 of 2nd period - Slapshot by Mike Reilly.
6:49 of 2nd period - Goal by Mike Reilly - Griffins : 1 - Icehogs : 4.
6:49 of 2nd period - Marcus Hogberg enters game.
6:50 of 2nd period - Nico Hischier wins face-off versus Dave Bolland in neutral zone.
7:38 of 2nd period - Off-side.
7:39 of 2nd period - Riley Armstrong wins face-off versus Andrew Poturalski in neutral zone.
8:13 of 2nd period - Snap shot by Nico Hischier.
8:13 of 2nd period - Shot Misses the Net.
9:19 of 2nd period - Wrist shot by Myles Bell.
9:19 of 2nd period - Shot Blocked by Filip Hronek.
9:33 of 2nd period - Slapshot by Morgan Barron.
9:33 of 2nd period - Shot Misses the Net.
9:35 of 2nd period - Wrist shot by Morgan Barron.
9:35 of 2nd period - Stopped by Mackenzie Blackwood without a rebound.
9:36 of 2nd period - Lucas Lessio wins face-off versus Dave Bolland in Icehogs zone.
9:43 of 2nd period - Snap shot by Lucas Lessio.
9:43 of 2nd period - Shot Misses the Net.
9:45 of 2nd period - Minor Penalty to Mikhail Grigorenko for Holding.
9:46 of 2nd period - Michael Rasmussen wins face-off versus Nico Hischier in Icehogs zone.
9:57 of 2nd period - Snap shot by Martin Frk.
9:57 of 2nd period - Shot Blocked by Patrick Sieloff.
10:47 of 2nd period - Duncan Siemens is hit by Riley Armstrong and loses puck.
11:20 of 2nd period - Patrick Sieloff is hit by Riley Armstrong.
11:24 of 2nd period - Slapshot by Sonny Milano.
11:24 of 2nd period - Goal by Sonny Milano - Griffins : 2 - Icehogs : 4.
11:25 of 2nd period - Nico Hischier wins face-off versus Maxim Letunov in neutral zone.
11:46 of 2nd period - Mike Reilly is hit by Martin Frk and loses puck.
12:53 of 2nd period - Slapshot by Mikhail Grigorenko.
12:53 of 2nd period - Stopped by Marcus Hogberg with a rebound.
13:03 of 2nd period - Slapshot by Martin Frk.
13:03 of 2nd period - Shot Misses the Net.
13:05 of 2nd period - Snap shot by Martin Frk.
13:05 of 2nd period - Stopped by Mackenzie Blackwood with a rebound.
13:07 of 2nd period - Snap shot by Lucas Lessio.
13:07 of 2nd period - Deflect By Nico Hischier.
13:07 of 2nd period - Stopped by Mackenzie Blackwood with a rebound.
13:17 of 2nd period - Ryan Pulock is hit by Ross Johnston and loses puck.
13:53 of 2nd period - Snap shot by Hudson Fasching.
13:53 of 2nd period - Shot Misses the Net.
13:55 of 2nd period - Wrist shot by Hudson Fasching.
13:55 of 2nd period - Shot Misses the Net.
14:01 of 2nd period - Snap shot by Mikhail Grigorenko.
14:01 of 2nd period - Shot Misses the Net.
14:35 of 2nd period - Slapshot by Myles Bell.
14:35 of 2nd period - Shot Blocked by Ian McCoshen.
16:29 of 2nd period - Morgan Barron is hit by Ross Johnston and loses puck.
16:34 of 2nd period - Snap shot by Kurtis Gabriel.
16:34 of 2nd period - Stopped by Marcus Hogberg with a rebound.
16:36 of 2nd period - Snap shot by Kurtis Gabriel.
16:36 of 2nd period - Stopped by Marcus Hogberg with a rebound.
16:38 of 2nd period - Slapshot by Mike Reilly.
16:38 of 2nd period - Stopped by Marcus Hogberg without a rebound.
16:39 of 2nd period - Dave Bolland wins face-off versus Nico Hischier in Griffins zone.
16:42 of 2nd period - Snap shot by Mikhail Grigorenko.
16:42 of 2nd period - Stopped by Marcus Hogberg without a rebound.
16:43 of 2nd period - Dave Bolland wins face-off versus Nico Hischier in Griffins zone.
17:44 of 2nd period - Slapshot by Andrey Pedan.
17:44 of 2nd period - Shot Blocked by Julius Honka.
17:50 of 2nd period - Snap shot by Cody Glass.
17:50 of 2nd period - Deflect By Riley Armstrong.
17:50 of 2nd period - Stopped by Mackenzie Blackwood with a rebound.
18:20 of 2nd period - Icing by Jeremy Davies.
18:21 of 2nd period - Christoffer Ehn wins face-off versus Dave Bolland in Icehogs zone.
18:30 of 2nd period - Wrist shot by Morgan Geekie.
18:30 of 2nd period - Goal by Morgan Geekie - Griffins : 3 - Icehogs : 4.
18:31 of 2nd period - Nico Hischier wins face-off versus Dave Bolland in neutral zone.
18:34 of 2nd period - Snap shot by Martin Frk.
18:34 of 2nd period - Shot Misses the Net.
18:58 of 2nd period - Myles Bell is hit by Morgan Geekie and loses puck.
19:05 of 2nd period - Wrist shot by Sonny Milano.
19:05 of 2nd period - Deflect By Myles Bell.
19:05 of 2nd period - Shot Hit the Post.
19:05 of 2nd period - Puck is out of play.
19:06 of 2nd period - Christoffer Ehn wins face-off versus Dave Bolland in Icehogs zone.
19:15 of 2nd period - Wrist shot by Morgan Geekie.
19:15 of 2nd period - Shot Misses the Net.
19:17 of 2nd period - Wrist shot by Sonny Milano.
19:17 of 2nd period - Stopped by Mackenzie Blackwood with a rebound.
19:19 of 2nd period - Slapshot by Nils Lundkvist.
19:19 of 2nd period - Stopped by Mackenzie Blackwood without a rebound.
19:20 of 2nd period - Nico Hischier wins face-off versus Dillon Dube in Icehogs zone.
19:35 of 2nd period - Wrist shot by Martin Frk.
19:35 of 2nd period - Shot Blocked by Mike Reilly.
19:47 of 2nd period - Filip Hronek is hit by Andrew Poturalski and loses puck.
Goals for this period are 2 for Griffins vs 1 for Icehogs.
Shots for this period are 10 for Griffins vs 6 for Icehogs.
3rd period
0:01 of 3rd period - Nico Hischier wins face-off versus Dave Bolland in neutral zone.
0:54 of 3rd period - Slapshot by Patrick Sieloff.
0:54 of 3rd period - Shot Misses the Net.
1:30 of 3rd period - Wrist shot by J.T. Brown.
1:30 of 3rd period - Shot Misses the Net.
1:32 of 3rd period - Snap shot by Myles Bell.
1:32 of 3rd period - Deflect By Michael Bunting.
1:32 of 3rd period - Stopped by Marcus Hogberg without a rebound.
1:33 of 3rd period - Nico Hischier wins face-off versus Dillon Dube in Griffins zone.
2:23 of 3rd period - Snap shot by J.T. Brown.
2:23 of 3rd period - Goal by J.T. Brown - Griffins : 3 - Icehogs : 5.
2:24 of 3rd period - Dave Bolland wins face-off versus Nico Hischier in neutral zone.
2:39 of 3rd period - Snap shot by Nico Hischier.
2:39 of 3rd period - Stopped by Mackenzie Blackwood with a rebound.
2:51 of 3rd period - Christoffer Ehn is hit by Patrick Sieloff and loses puck.
3:37 of 3rd period - Snap shot by Myles Bell.
3:37 of 3rd period - Stopped by Marcus Hogberg without a rebound.
3:38 of 3rd period - Dave Bolland wins face-off versus Nico Hischier in Griffins zone.
3:39 of 3rd period - Snap shot by Hudson Fasching.
3:39 of 3rd period - Shot Misses the Net.
4:05 of 3rd period - Myles Bell is hit by Nils Lundkvist.
4:12 of 3rd period - Icing by Julius Honka.
4:13 of 3rd period - Lucas Lessio wins face-off versus Dillon Dube in Icehogs zone.
4:34 of 3rd period - Wrist shot by Christoffer Ehn.
4:34 of 3rd period - Shot Misses the Net.
4:46 of 3rd period - Wrist shot by J.T. Brown.
4:46 of 3rd period - Stopped by Marcus Hogberg with a rebound.
4:54 of 3rd period - Wrist shot by Dillon Dube.
4:54 of 3rd period - Stopped by Marcus Hogberg with a rebound.
5:04 of 3rd period - Snap shot by Myles Bell.
5:04 of 3rd period - Shot Blocked by Ian McCoshen.
5:06 of 3rd period - Slapshot by J.T. Brown.
5:06 of 3rd period - Shot Misses the Net.
5:08 of 3rd period - Slapshot by Julius Honka.
5:08 of 3rd period - Stopped by Marcus Hogberg without a rebound.
5:09 of 3rd period - Nico Hischier wins face-off versus Dave Bolland in Griffins zone.
5:31 of 3rd period - Icing by Hudson Fasching.
5:32 of 3rd period - Riley Armstrong wins face-off versus Dave Bolland in Icehogs zone.
5:33 of 3rd period - Slapshot by Cody Glass.
5:33 of 3rd period - Shot Misses the Net.
5:47 of 3rd period - Slapshot by Michael Bunting.
5:47 of 3rd period - Deflect By Mike Reilly.
5:47 of 3rd period - Shot Blocked by Patrick Sieloff.
5:47 of 3rd period - Puck is out of play.
5:48 of 3rd period - Andrew Poturalski wins face-off versus Nico Hischier in Icehogs zone.
5:58 of 3rd period - Andrew Poturalski is hit by Lucas Lessio and loses puck.
7:18 of 3rd period - Wrist shot by Jesse Puljujarvi.
7:18 of 3rd period - Shot Blocked by Christoffer Ehn.
7:20 of 3rd period - Snap shot by Duncan Siemens.
7:20 of 3rd period - Shot Blocked by Nils Lundkvist.
7:22 of 3rd period - Snap shot by Julius Honka.
7:22 of 3rd period - Stopped by Marcus Hogberg with a rebound.
8:01 of 3rd period - Slapshot by Ryan Pulock.
8:01 of 3rd period - Shot Blocked by Jeremy Davies.
8:03 of 3rd period - Snap shot by Michael Bunting.
8:03 of 3rd period - Deflect By Dave Bolland.
8:03 of 3rd period - Shot Misses the Net.
8:03 of 3rd period - Puck is out of play.
8:04 of 3rd period - Nico Hischier wins face-off versus Dillon Dube in Icehogs zone.
8:25 of 3rd period - Minor Penalty to Nico Hischier for Cross-checking.
8:26 of 3rd period - Mikhail Grigorenko wins face-off versus Riley Armstrong in Griffins zone.
9:08 of 3rd period - Wrist shot by Myles Bell.
9:08 of 3rd period - Shot Hit the Post.
9:43 of 3rd period - Off-side.
9:44 of 3rd period - Christoffer Ehn wins face-off versus Dillon Dube in neutral zone.
10:25 of 3rd period - Penalty to Nico Hischier is over, Nico Hischier is back on ice.
11:17 of 3rd period - Slapshot by Riley Armstrong.
11:17 of 3rd period - Stopped by Mackenzie Blackwood with a rebound.
11:59 of 3rd period - Wrist shot by Nico Hischier.
11:59 of 3rd period - Stopped by Mackenzie Blackwood with a rebound.
12:01 of 3rd period - Wrist shot by Nico Hischier.
12:01 of 3rd period - Goal by Nico Hischier - Griffins : 4 - Icehogs : 5.
12:02 of 3rd period - Dave Bolland wins face-off versus Martin Frk in neutral zone.
12:28 of 3rd period - Christoffer Ehn is hit by Dillon Dube and loses puck.
12:52 of 3rd period - Minor Penalty to Duncan Siemens for High sticking.
12:53 of 3rd period - Lucas Lessio wins face-off versus Dave Bolland in Icehogs zone.
13:09 of 3rd period - Lucas Lessio is hit by Mike Reilly.
14:45 of 3rd period - Lucas Lessio is hit by Myles Bell and loses puck.
14:52 of 3rd period - Penalty to Duncan Siemens is over, Duncan Siemens is back on ice.
15:05 of 3rd period - Minor Penalty to Ross Johnston for High sticking.
15:06 of 3rd period - Mikhail Grigorenko wins face-off versus Christoffer Ehn in Icehogs zone.
15:10 of 3rd period - Riley Armstrong is hit by Mikhail Grigorenko and loses puck.
16:09 of 3rd period - Duncan Siemens is hit by Lucas Lessio and loses puck.
16:30 of 3rd period - Sonny Milano is hit by Mike Reilly and loses puck.
17:05 of 3rd period - Penalty to Ross Johnston is over, Ross Johnston is back on ice.
17:11 of 3rd period - Kurtis Gabriel is hit by Nils Lundkvist and loses puck.
17:24 of 3rd period - Minor Penalty to Dillon Dube for Interference.
17:25 of 3rd period - Nico Hischier wins face-off versus Dave Bolland in Icehogs zone.
17:32 of 3rd period - Wrist shot by Nico Hischier.
17:32 of 3rd period - Shot Misses the Net.
18:07 of 3rd period - Mike Reilly is hit by Sonny Milano and loses puck.
18:18 of 3rd period - Filip Hronek is hit by Myles Bell and loses puck.
19:24 of 3rd period - Penalty to Dillon Dube is over, Dillon Dube is back on ice.
19:35 of 3rd period - Snap shot by Kurtis Gabriel.
19:35 of 3rd period - Deflect By Michael Rasmussen.
19:35 of 3rd period - Stopped by Marcus Hogberg without a rebound.
19:36 of 3rd period - Kirk Muller call a timeout for Griffins.
19:36 of 3rd period - Kurtis Gabriel wins face-off versus Christoffer Ehn in Griffins zone.
19:43 of 3rd period - Snap shot by Hudson Fasching.
19:43 of 3rd period - Shot Blocked by Martin Frk.
19:45 of 3rd period - Snap shot by Mike Reilly.
19:45 of 3rd period - Shot Misses the Net.
19:47 of 3rd period - Snap shot by Patrick Sieloff.
19:47 of 3rd period - Stopped by Marcus Hogberg with a rebound.
Goals for this period are 1 for Griffins vs 1 for Icehogs.
Shots for this period are 4 for Griffins vs 9 for Icehogs.